 Dungeon Crawl Stone Soup version 0.30.1-3-gfc49f6343a (webtiles) character file.

Game seed: 17272022343517367587

163 Anriel the Cudgeller (level 5, -2/41 HPs)
             Began as a Human Fighter on July 25, 2023.
             Slain by an orc wizard
             ... wielding a +2 dagger of venom
              (3 damage)
             ... on level 3 of the Dungeon.
             The game lasted 00:10:35 (1607 turns).

Anriel the Cudgeller (Human Fighter)                Turns: 1607, Time: 00:10:35

Health: -2/41      AC:  9    Str: 19    XL:     5   Next: 72%
Magic:  5/5        EV: 10    Int:  8    God:
Gold:   191        SH:  0    Dex: 12    Spells: 4/4 levels left

rFire   . . .        a - +1 flail
rCold   . . .        c - +0 buckler
rNeg    . . .        b - +0 scale mail
rPois   .            (no helmet)
rElec   .            (no cloak)
rCorr   .            e - +2 pair of gloves
SInv    .            (no boots)
Will    .....        n - amulet of reflection Stlth
                     (no ring)
HPRegen 0.26/turn    (no ring)
MPRegen 0.09/turn

%: reflection
@: confused, hasted, very quick
A: no striking features
a: no special abilities


You were on level 3 of the Dungeon.
You visited 1 branch of the dungeon, and saw 3 of its levels.

You collected 191 gold pieces.

Inventory:

Hand Weapons
 a - a +1 flail (weapon)
 k - a +0 sling
Missiles
 f - 4 silver javelins (quivered)
Armour
 b - a +0 scale mail (worn)
 c - a +0 buckler (worn)
 e - a +2 pair of gloves (worn)
Jewellery
 n - an amulet of reflection (around neck)
Scrolls
 l - a scroll of fear {unknown}
 o - a scroll of amnesia {unknown}
 q - a scroll of immolation
Potions
 d - a potion of might
 g - a potion of invisibility
 h - 2 potions of curing {unknown}
 j - 2 potions of haste
 m - a potion of heal wounds {unknown}
 p - a potion of resistance {unknown}


   Skills:
 - Level 3.0 Fighting
 * Level 3.8 Maces & Flails
 + Level 1.7 Throwing
 - Level 3.0 Armour
 * Level 3.0 Dodging
 - Level 3.0 Shields


You had 4 spell levels left.
You didn't know any spells.
Your spell library was empty.

Dungeon Overview and Level Annotations

Branches:
Dungeon (3/15)

Altars:
Elyvilon
Nemelex Xobeh
Yredelemnul


Message History

The javelin pierces through the orc!
You kill the orc!
The javelin pierces through the orc!
You kill the orc!
The orc hits you with a +0 flail.
Throw: 4 javelins
Press: ? - help, Q - select action, (/) - cycle Shift-Dir - straight line, f/p - orc
Aim: an orc, wielding a +0 flail (57% to hit)
You throw a javelin. The javelin barely misses the orc.
The orc misses you. The orc hits you with a +0 flail.
* * * LOW HITPOINT WARNING * * *
Throw: 3 javelins
Press: ? - help, Q - select action, (/) - cycle Shift-Dir - straight line, f/p - orc
Aim: an orc, wielding a +0 flail (57% to hit)
You throw a javelin. The javelin barely misses the orc.
The orc barely misses you.
Throw: 2 javelins
Press: ? - help, Q - select action, (/) - cycle Shift-Dir - straight line, f/p - orc
Aim: an orc, wielding a +0 flail (57% to hit)
You throw a javelin. The javelin pierces through the orc.
The orc is heavily wounded.
Throw: javelin
Press: ? - help, Q - select action, (/) - cycle Shift-Dir - straight line, f/p - orc
Aim: an orc, wielding a +0 flail (heavily wounded, 57% to hit)
You throw a javelin. The javelin pierces through the orc!
You kill the orc!
Something hits you.
* * * LOW HITPOINT WARNING * * *
You miss something.
You hear some strange, mumbled words.
A magic dart appears from out of thin air!
The magic dart hits you!
* * * LOW HITPOINT WARNING * * *
You hit something but do no damage.
You hear some strange, mumbled words.
You are confused.
Something hits you.
* * * LOW HITPOINT WARNING * * *
It was a potion of haste.
You feel yourself speed up. Something hits you.
You die...

.....## ....... ........
#########........ # ##.......'
......{ .# #........# .....##.#
#.<......# #.)...#
#........#########.#######
#........'.@{)..))(.(.....
#........#########.#########
+.........# #... ......
#.........##################
#.........<.................
###.).......##################
##...###.....# #...#
###.....######## #########.#.#
.........############............


There were no monsters in sight!

Vanquished Creatures
  An orc priest (D:3)
  An orc wizard (D:3)
  6 adders
  6 orcs (D:3)
  4 endoplasms
  2 giant cockroaches (D:2)
  5 goblins
  7 hobgoblins
  4 jackals (D:1)
  2 ball pythons
  3 bats
  2 frilled lizards
  7 kobolds
  A rat (D:2)
51 creatures vanquished.

Notes
Turn   | Place    | Note
-------+----------+-------------------------------------------
     0 | D:1      | Anriel the Human Fighter began the quest for the Orb.
     0 | D:1      | Reached XP level 1. HP: 18/18 MP: 1/1
    48 | D:1      | Reached XP level 2. HP: 14/24 MP: 2/2
   127 | D:1      | Reached skill level 1 in Dodging
   391 | D:1      | Reached XP level 3. HP: 29/29 MP: 3/3
  1198 | D:3      | Reached XP level 4. HP: 35/35 MP: 4/4
  1201 | D:3      | Reached skill level 1 in Throwing
  1207 | D:3      | Found a white marble altar of Elyvilon.
  1266 | D:3      | Reached XP level 5. HP: 33/41 MP: 5/5
  1309 | D:3      | Found a sparkling altar of Nemelex Xobeh.
  1382 | D:3      | Found a basalt altar of Yredelemnul.
  1606 | D:3      | HP: 1/41 [something (2)]
  1607 | D:3      | Slain by an orc wizard

Illustrated notes

Levels and vault maps discovered:
D:1:      minmay_arrival_arboretum_small, layout_loops_ring
D:2:      layout_loops_ring, amcnicky_mini_pool_small, chequers_garden
D:3:      layout_basic, nicolae_wu_jian_glorious_leap,
          mainiacjoe_overflow_cross_hatched, lemuel_round_altar,
          elyvilon_altar_4, grunt_ministairs_9

Skill      XL: |  1  2  3  4  5 |
---------------+----------------+-----
Dodging        | 1 2 3 |  3.0
Maces & Flails | 3 |  3.8
Throwing       | 1 |  1.7
Fighting       | |  3.0
Armour         | |  3.0
Shields        | |  3.0

Action                     |  1- 3 |  4- 6 || total
---------------------------+-------+-------++-------
  Melee: Flail             |    80 |    49 ||   129
  Throw: Javelin           |    17 |    16 ||    33
    Use: Scroll            |     6 |       ||     6
         Potion            |       |     1 ||     1
 Armour: Scale mail        |    55 |    20 ||    75
  Dodge: Dodged            |    51 |    26 ||    77
  Block: Buckler           |    27 |    31 ||    58
         Reflection        |       |     1 ||     1
